 Dungeon Crawl Stone Soup version 0.19-b1-4-gd8a0a2a (webtiles) character file.

92 Kullungy the Charmwright (level 4, 0/29 HPs)
             Began as a High Elf Skald on Oct 30, 2016.
             Shot with a stone by a goblin (3 damage)
             ... on level 3 of the Dungeon.
             The game lasted 00:12:52 (1908 turns).

Kullungy the Charmwright (High Elf Skald)           Turns: 1908, Time: 00:12:52

Health: 0/29       AC:  4    Str: 12    XL:     4   Next: 35%
Magic:  6/9        EV: 12    Int: 15    God:
Gold:   124        SH:  0    Dex: 15    Spells: 2 memorised, 5 levels left

rFire  . . .     SeeInvis .     a - +2 falchion
rCold  . . .     Gourm    .     b - +0 leather armour
rNeg   . . .     Faith    .     (no shield)
rPois  .         Spirit   .     (no helmet)
rElec  .         Reflect  .     f - +0 cloak
rCorr  .         Harm     .     (no gloves)
MR     .....                    (no boots)
Stlth  +.........               (no amulet)
                                (no ring)
                                (no ring)

@: shrouded
A: no striking features
a: no special abilities


You were on level 3 of the Dungeon.
You were not hungry.

You visited 1 branch of the dungeon, and saw 3 of its levels.

You collected 124 gold pieces.

Inventory:

Hand Weapons
 a - a +2 falchion (weapon)
 g - a cursed -2 dagger
 h - a +0 dagger
 i - a +0 club
 k - a +0 club
 l - a +0 club
 m - a +0 dagger
 s - a +0 dagger
 t - a +0 club
 w - a +0 dagger
 x - a +0 dagger
 z - a +0 dagger
Missiles
 o - 29 sling bullets
 q - 23 stones (quivered)
Armour
 b - a +0 leather armour (worn)
 e - a +0 robe
 f - a +0 cloak (worn)
 p - a +0 robe
 r - a +0 robe
 u - a +0 ring mail
Scrolls
 j - 2 scrolls of recharging
 v - a scroll of identify
 y - a scroll of noise
Books
 c - a book of Battle

   Spells                             Type                      Level
   a - Infusion                       Charms                       1
   b - Shroud of Golubria             Charms/Translocation         2
   c - Song of Slaying                Charms                       2
   d - Spectral Weapon                Hexes/Charms                 3
   e - Regeneration                   Charms/Necromancy            3
Comestibles
 d - 6 chunks of flesh
 n - a beef jerky


   Skills:
 + Level 2.2 Fighting
 + Level 3.7 Long Blades
 + Level 1.9 Armour
 + Level 1.4 Dodging
 + Level 2.8 Spellcasting
 + Level 4.3 Charms


You had 5 spell levels left.
You knew the following spells:

 Your Spells              Type           Power        Failure   Level  Hunger
a - Infusion              Chrm           ###.         4%          1    #......
b - Shroud of Golubria    Chrm/Tloc      #.........   21%         2    ##.....


Dungeon Overview and Level Annotations

Branches:
Dungeon (3/15)

Altars:


Message History

You see here a robe.
p - a robe You are no longer magically infusing your attacks.
A goblin comes into view. It is wielding a club.
The goblin shouts!
The goblin unwields an uncursed club.
The goblin wields a hunting sling.
The goblin shoots a stone.
The stone hits you but does no damage.
Casting: Infusion
Confirm with . or Enter, or press ? or * to list all spells.
Space distorts slightly along a thin shroud covering your body.
The goblin shoots a stone.
The stone hits you but does no damage.
You see here a stone.
The goblin shoots a stone.
The stone hits you.
* * * LOW HITPOINT WARNING * * *
You see here a stone.
The goblin shoots a stone.
The stone hits you but does no damage.
You see here a stone.
The goblin shoots a stone.
The stone barely misses you.
The goblin shoots a stone.
The stone hits you.
You die...

....#.. #.#
....#.#######.# ###.#
....#.#.....#.# ....#
#####.#.....#.# ....## #
#.#.....#.####......
#####.#.................
......#......(........#
......#......(........+
..............(.@..g..#
......############...#..
......+ ..# ......# .#
......# # ......#
......#### ..........
##########


You could see a goblin.

Vanquished Creatures
  4 adders
  2 oozes (D:1)
  An adder zombie (D:3)
  A worm (D:3)
  A dart slug (D:3)
  2 leopard geckos (D:1)
  3 bats
  A giant cockroach (D:2)
  8 goblins
  4 hobgoblins
  A quokka (D:3)
  2 ball pythons (D:1)
  2 frilled lizards
  2 kobolds
  7 rats
41 creatures vanquished.

Notes
Turn   | Place    | Note
-------+----------+-------------------------------------------
     0 | D:1      | Kullungy the High Elf Skald began the quest for the Orb.
     0 | D:1      | Reached XP level 1. HP: 14/14 MP: 4/4
   370 | D:1      | Reached XP level 2. HP: 19/19 MP: 6/6
   415 | D:1      | Reached skill level 1 in Armour
   415 | D:1      | Reached skill level 4 in Charms
   507 | D:1      | Learned a level 2 spell: Shroud of Golubria
  1092 | D:1      | Reached XP level 3. HP: 24/24 MP: 8/8
  1724 | D:3      | Reached XP level 4. HP: 20/29 MP: 9/9
  1908 | D:3      | Shot with a stone by a goblin

Skill      XL: |  1  2  3 |
---------------+----------+-----
Armour         | 1 |  1.9
Charms         | 4 |  4.3
Long Blades    | 3 |  3.7
Fighting       | |  2.2
Dodging        | |  1.4
Spellcasting   | |  2.8

Action                   |  1- 3 |  4- 6 || total
-------------------------+-------+-------++-------
Melee: Falchion          |   105 |    30 ||   135
 Cast: Shroud of Golubri |     2 |     1 ||     3
       Infusion          |       |     1 ||     1
  Use: Scroll            |     6 |       ||     6
       Potion            |       |     1 ||     1
  Eat: Chunk             |     2 |       ||     2
       Bread ration      |       |     1 ||     1
Armor: Leather armour    |    37 |    11 ||    48
Dodge: Dodged            |    54 |    20 ||    74
       Rpst.: Falchion   |    19 |     6 ||    25
